 Dungeon Crawl Stone Soup version 0.23-a0-890-gc183402 (webtiles) character file.

Game seed: 15405139140960869640

82 nikopol the Firebug (level 4, 0/24 HPs)
             Began as a Deep Elf Fire Elementalist on Jan 28, 2019.
             Killed by nerve-wracking pain
             ... invoked by Grinder
              (7 damage)
             ... on level 3 of the Dungeon.
             The game lasted 00:07:53 (1559 turns).

nikopol the Firebug (Deep Elf Fire Elementalist)    Turns: 1559, Time: 00:07:54

Health: 0/24       AC:  6    Str:  5    XL:     4   Next: 21%
Magic:  1/12       EV: 13    Int: 21    God:
Gold:   51         SH:  0    Dex: 15    Spells: 5/11 levels left

rFire    . . .     SeeInvis .   l - +3 dagger
rCold    + . .     Gourm    .   (no shield)
rNeg     . . .     Faith    .   a - +0 robe
rPois    .         Spirit   .   k - +0 helmet
rElec    .         Reflect  .   (no cloak)
rCorr    .         Harm     .   (no gloves)
MR       .....                  j - +2 pair of boots {run}
Stlth    ++........             (no amulet)
HPRegen  0.08/turn              f - ring of protection from cold
MPRegen  0.13/turn              (no ring)

@: quick
A: no striking features
a: no special abilities


You were on level 3 of the Dungeon.
You were hungry.

You visited 1 branch of the dungeon, and saw 3 of its levels.

You collected 51 gold pieces.

Inventory:

Hand Weapons
 l - a +3 dagger (weapon)
Armour
 a - a +0 robe (worn)
 j - a +2 pair of boots of running (worn)
 k - a +0 helmet (worn)
Jewellery
 f - a ring of protection from cold (left hand)
Scrolls
 b - a scroll of teleportation {unknown}
 e - 2 scrolls of identify {unknown}
 h - a scroll of blinking {unknown}
 i - a scroll of amnesia {unknown}
 m - a scroll of immolation {unknown}
 n - a scroll of fear {unknown}
 p - a scroll of enchant weapon {unknown}
 q - a scroll of remove curse {unknown}
Potions
 d - 2 potions of curing {unknown}
 g - a potion of flight {unknown}
 o - a potion of mutation {unknown}
Comestibles
 c - 5 rations


   Skills:
 + Level 2.5 Dodging
 + Level 2.5 Stealth
 + Level 4.1 Spellcasting
 + Level 2.3 Conjurations
 + Level 4.4 Fire Magic


You had 5 spell levels left.
You knew the following spells:

 Your Spells              Type           Power        Failure   Level  Hunger
a - Flame Tongue          Conj/Fire      ###..        3%          1    None
b - Throw Flame           Conj/Fire      ###...       4%          2    #......
c - Conjure Flame         Conj/Fire      ###.....     9%          3    ###....

Your spell library contained the following spells:

 Spells                   Type           Power        Failure   Level  Hunger
 Inner Flame              Hex/Fire       ##......     14%         3    ###....
 Sticky Flame             Conj/Fire      ###.....     30%         4    ####...
 Fireball                 Conj/Fire      ###.......   63%         5    ######.


Dungeon Overview and Level Annotations

Branches:
Dungeon (3/15)

Altars:
Ashenzari
Fedhas

Annotations:
D:3 Grinder


Message History

You barely resist.
Casting: Throw Flame (safe; 4% risk of failure)
Confirm with . or Enter, or press ? or * to list all spells.
Aiming: Flame Tongue (safe; 3% risk of failure)
Press: ? - help, Shift-Dir - straight line, f/p - Grinder
Aim: Grinder, carrying a wand of flame (10) (heavily wounded)
The flame tongue hits Grinder.
Grinder is severely wounded.
Grinder gestures at you. You resist with significant effort.
Casting: Flame Tongue (safe; 3% risk of failure)
Confirm with . or Enter, or press ? or * to list all spells.
Aiming: Flame Tongue (safe; 3% risk of failure)
Press: ? - help, Shift-Dir - straight line, f/p - Grinder
Aim: Grinder, carrying a wand of flame (10) (heavily wounded)
The flame tongue hits Grinder!
Grinder is severely wounded.
Grinder gestures at you. Pain shoots through your body!
You die...

..# ### #.# ..# #.# ### #.#
#.# ##.## .. #.# #.###...##
#######
...####.###.##..5..###.....#
....................##.###.#
.............†...........#.#
....###..##.###.@.####.#.#.#
............# ##.## #.....#
..#.###.###.# #.# ###.###
..# #.# #.# #.....### #5##
#.# ##.#####.###...# .g .!.
.........# #..<# ... ..#
#.######.###...# .... #.
#......## #. ###.##.#


You could see Grinder.

Vanquished Creatures
  An adder (D:3)
  2 worms (D:2)
  3 dart slugs (D:2)
  A leopard gecko (D:1)
  7 bats
  6 giant cockroaches
  7 goblins
  4 hobgoblins
  10 jackals
  6 frilled lizards
  4 kobolds (D:2)
  5 rats
56 creatures vanquished.

Notes
Turn   | Place    | Note
-------+----------+-------------------------------------------
     0 | D:1      | nikopol the Deep Elf Fire Elementalist began the quest for
                  | the Orb.
     0 | D:1      | Reached XP level 1. HP: 10/10 MP: 6/6
   179 | D:1      | Reached XP level 2. HP: 15/15 MP: 6/8
   529 | D:1      | Identified a +2 pair of boots of running (You found it on
                  | level 1 of the Dungeon)
   643 | D:1      | Reached XP level 3. HP: 19/19 MP: 6/10
   812 | D:2      | Learned a level 2 spell: Throw Flame
   816 | D:2      | Learned a level 3 spell: Conjure Flame
  1130 | D:2      | Reached XP level 4. HP: 24/24 MP: 2/12
  1345 | D:2      | Found a shattered altar of Ashenzari.
  1347 | D:2      | Found a blossoming altar of Fedhas.
  1506 | D:3      | Noticed Grinder
  1559 | D:3      | Killed from afar by Grinder

Vault maps used:
D:1:      wander_arrival_lonely_grave
D:2:      amethyst_overflow_temple_binary, first_ration
D:3:      chequers_ecumenical_altar_simple_redux, uniq_grinder

Skill      XL: |  1  2  3 |
---------------+----------+-----
Fire Magic     | 4 |  4.4
Conjurations   | 2 |  2.3
Spellcasting   | 4 |  4.1
Dodging        | |  2.5
Stealth        | |  2.5

Action                   |  1- 3 |  4- 6 || total
-------------------------+-------+-------++-------
 Cast: Flame Tongue      |    85 |    14 ||    99
       Throw Flame       |       |     7 ||     7
  Eat: Chunk             |       |     1 ||     1
Armor: Robe              |    12 |     3 ||    15
Dodge: Dodged            |    37 |     5 ||    42

Table legend:
 A = Non-vault XP
 B = Vault XP
 C = Vault XP percentage of total XP
 D = Non-vault monster count
 E = Vault monster count
 F = Vault count percentage of total count
                 A         B        C        D         E       F
            +---------+---------+-------+---------+---------+-------
      Total |     118 |       0 |   0.0 |      56 |       0 |   0.0
            +---------+---------+-------+---------+---------+-------
        D:1 |      41 |       0 |   0.0 |      25 |       0 |   0.0
        D:2 |      62 |       0 |   0.0 |      29 |       0 |   0.0
        D:3 |      15 |       0 |   0.0 |       2 |       0 |   0.0
            +---------+---------+-------+---------+---------+-------
